 Seeded DCSS version 0.28.0-53-g5a82cb258f (webtiles) character file.

Game seed: 5819556540278030217 (custom seed)

9 bwicke the Gusty (level 2, 0/19 HPs)
             Began as a Human Wanderer on Aug 10, 2022.
             Slain by a bat (1 damage)
             ... on level 1 of the Dungeon.
             The game lasted 00:01:55 (184 turns).

bwicke the Gusty (Human Wanderer)                    Turns: 184, Time: 00:01:56

Health: 0/19       AC:  8    Str: 10    XL:     2   Next: 25%
Magic:  3/3        EV:  9    Int: 16    God:
Gold:   0          SH:  0    Dex: 10    Spells: 2/3 levels left

rFire   . . .      SeeInvis .   d - +0 dagger
rCold   . . .      Faith    .   (no shield)
rNeg    . . .      Spirit   .   b - +0 ring mail
rPois   .          Reflect  .   c - +2 helmet
rElec   .          Harm     .   (no cloak)
rCorr   .          Rampage  .   (no gloves)
Will    .....                   (no boots)
Stlth   ..........              (no amulet)
HPRegen 0.06/turn               (no ring)
MPRegen 0.08/turn               (no ring)

@: no status effects
A: no striking features
a: no special abilities


You were on level 1 of the Dungeon.
You visited 1 branch of the dungeon, and saw 1 of its levels.

Inventory:

Hand Weapons
 a - a +0 club
 d - a +0 dagger (weapon)
Missiles
 e - a throwing net
Armour
 b - a +0 ring mail (worn)
 c - a +2 helmet (worn)
Potions
 f - a potion of invisibility {unknown}


   Skills:
 - Level 3.0 Armour
 - Level 1.0 Spellcasting
 - Level 3.0 Summonings
 + Level 3.6 Air Magic


You had 2 spell levels left.
You knew the following spells:

 Your Spells              Type           Power      Damage    Failure   Level
a - Summon Small Mammal   Summ           40%        N/A       16%         1

Your spell library contained the following spells:

 Spells                   Type           Power      Damage    Failure   Level
 Poisonous Vapours        Pois/Air       12%        N/A       38%         2
 Static Discharge         Conj/Air       6%         N/A       38%         2
 Summon Guardian Golem    Hex/Summ       5%         N/A       65%         3
 Animate Armour           Summ/Erth      10%        N/A       96%         4


Dungeon Overview and Level Annotations

Branches:
Dungeon (1/15)

Altars:


Message History

Casting: Summon Small Mammal (safe; 16% risk of failure)
Press: ? - help, Q - select action, (/) - cycle Dir - look around, f - activate
Okay, then.
The quokka closely misses you.
The giant cockroach bites you but does no damage.
The jackal closely misses you.
The jackal bites you but does no damage.
A sourceless malevolence fills the Dungeon... and a teleportation trap spontaneously manifests!
You are yanked towards a nearby monster!
Your surroundings suddenly seem different.
A dart slug comes into view.
Found a scroll labelled QEMAMEN KICAW.
Casting: Summon Small Mammal (safe; 16% risk of failure)
Press: ? - help, Q - select action, (/) - cycle Dir - look around, f - activate The dart slug launches a dart at you.
The slug dart misses you.
Your bat hits the dart slug. You hit the dart slug but do no damage.
The dart slug is lightly wounded.
Your bat hits the dart slug but does no damage.
You hit the dart slug.
The dart slug is moderately wounded.
Your bat hits the dart slug but does no damage.
The dart slug closely misses you.
You hit the dart slug but do no damage.
The dart slug is moderately wounded.
Your bat hits the dart slug but does no damage.
The dart slug completely misses you.
You hit the dart slug.
The dart slug is severely wounded.
Your bat hits the dart slug. The dart slug bites you.
* * * LOW HITPOINT WARNING * * *
You hit the dart slug.
You kill the dart slug!
A frilled lizard and a kobold come into view.
The frilled lizard hisses angrily.
The kobold shouts!
You see here a dart slug corpse.
A bat comes into view.
The bat hits you.
You die...

..#...... . ..#
....#.?.....#..
#.....#...#....
#.......#.... .
#.......#......
#####.....#...#....
........#.......#..
....l.#...b@......#
....K..†...#b......
....##.#####..###..
. ... .... ..##.
###.. ## #. .... ..
... #. .. #.


You could see a bat, a kobold and a friendly bat (summoned).

Vanquished Creatures
  2 dart slugs (D:1)
  A goblin (D:1)
  A jackal (D:1)
  A kobold (D:1)
5 creatures vanquished.

Notes
Turn   | Place    | Note
-------+----------+-------------------------------------------
     0 | D:1      | bwicke the Human Wanderer began the quest for the Orb.
     0 | D:1      | bwicke set off with the following items: a +0 club, a +0
                  | ring mail; and the following spell memorised: Summon Small
                  | Mammal; and the following spells available to memorise:
                  | Poisonous Vapours, Static Discharge, Summon Guardian Golem,
                  | Animate Armour
     0 | D:1      | Reached XP level 1. HP: 13/13 MP: 2/2
   147 | D:1      | Reached XP level 2. HP: 7/19 MP: 1/3
   184 | D:1      | Slain by a bat

Illustrated notes

Levels and vault maps discovered:
D:1:      evilmike_arrival_hilbert_curve, layout_basic,
          minmay_misc_feat_more_columns, minmay_pentomino_t4

Action                   || total
-------------------------++-------
Melee: Dagger            ||    26
       Club              ||     4
       Punch             ||     1
 Cast: Summon Small Mamm ||     4
Armor: Ring mail         ||    55
Dodge: Dodged            ||    55
